 Dungeon Crawl Stone Soup version 0.23.1 (webtiles) character file.

Game seed: 3490891890457655618

3211 Norn the Basher (level 9, -12/57 HPs)
             Began as a Gargoyle Gladiator on Mar 2, 2019.
             Was a Believer of Okawaru.
             Killed by divine providence
             ... invoked by an orc priest
              (14 damage)
             ... on level 8 of the Dungeon.
             The game lasted 00:22:31 (6723 turns).

Norn the Basher (Gargoyle Gladiator)                Turns: 6723, Time: 00:22:31

Health: -12/57     AC: 16    Str: 21    XL:     9   Next: 97%
Magic:  9/9        EV: 11    Int:  9    God:    Okawaru [**....]
Gold:   418        SH:  5    Dex: 11    Spells: 8/8 levels left

rFire    + . .     SeeInvis .   a - +1 flail
rCold    . . .     Gourm    .   m - +0 buckler
rNeg     + + .     Faith    .   D - +0 scale mail {rF+}
rPois    ∞         Spirit   .   c - +0 helmet
rElec    +         Reflect  .   (no cloak)
rCorr    .         Harm     .   h - +0 pair of gloves
MR       +....                  (no boots)
Stlth    ..........             (no amulet)
HPRegen  0.19/turn              b - ring of positive energy
MPRegen  0.11/turn              l - ring of protection from magic

@: no status effects
A: negative energy resistance 1, electricity resistance, unbreathing,
petrification resistance, rot immunity, AC +6
a: Heroism, Renounce Religion


You were on level 8 of the Dungeon.
You worshipped Okawaru.
Okawaru was pleased with you.
You were hungry.

You visited 2 branches of the dungeon, and saw 9 of its levels.

You collected 418 gold pieces.

Inventory:

Hand Weapons
 a - a +1 flail (weapon)
 f - a +1 mace of holy wrath
   (You took it off an orc on level 7 of the Dungeon)
Missiles
 p - 4 throwing nets (quivered) {!f}
 y - 31 poisoned needles
Armour
 c - a +0 helmet (worn)
 h - a +0 pair of gloves (worn)
   (You found it on level 1 of the Dungeon)
 m - a +0 buckler (worn)
   (You found it on level 2 of the Dungeon)
 s - a +0 shield
   (You found it on level 2 of the Dungeon)
 D - a +0 scale mail of fire resistance (worn)
   (You found it on level 4 of the Dungeon)
Jewellery
 b - a ring of positive energy (left hand)
   (You found it on level 1 of the Dungeon)
 i - an uncursed ring of protection from fire
   (You found it on level 3 of the Dungeon)
 l - a ring of protection from magic (right hand)
   (You found it on level 2 of the Dungeon)
 o - an uncursed ring of protection from cold
   (You found it on level 2 of the Dungeon)
 R - an uncursed ring of ice {unknown}
   (You found it on level 8 of the Dungeon)
Wands
 k - a wand of enslavement (11)
   (You found it on level 2 of the Dungeon)
 t - a wand of flame (17)
   (You took it off Sigmund on level 2 of the Dungeon)
 u - a wand of paralysis (11)
   (You found it on level 6 of the Dungeon)
 x - a wand of acid (11)
   (You found it on level 8 of the Dungeon)
 K - a wand of scattershot (5)
   (You took it off Ijyb on level 4 of the Dungeon)
Scrolls
 g - a scroll of noise {!r}
 r - 2 scrolls of teleportation {@r4}
 v - a scroll of enchant weapon
 w - a scroll of blinking {unknown}
 B - 4 scrolls of remove curse {@r2}
 C - 3 scrolls of immolation {!r}
 F - a scroll of fear {unknown}
 G - 4 scrolls of identify {@r1}
 I - 2 scrolls of enchant armour {unknown}
 O - a scroll of acquirement {unknown}
 Q - a scroll of vulnerability {unknown}
Potions
 d - 3 potions of agility
 j - a potion of resistance {unknown}
 n - a potion of brilliance {unknown}
 q - a potion of cancellation {unknown}
 z - 2 potions of mutation {!q}
 A - 3 potions of magic
 E - a potion of flight {unknown}
 H - 2 potions of heal wounds {unknown}
 J - a potion of haste {unknown}
 L - a potion of degeneration {unknown}
 M - a potion of invisibility {unknown}
 N - a potion of might {unknown}
 P - a potion of lignification {unknown}
Comestibles
 e - 14 rations {!d}


   Skills:
 + Level 7.2 Fighting
 * Level 9.5 Maces & Flails
 - Level 1.7 Throwing
 + Level 6.8 Armour
 - Level 2.4 Dodging
 + Level 5.3 Shields


You had 8 spell levels left.
You didn't know any spells.
Your spell library contained the following spells:

 Spells                   Type           Power        Failure   Level  Hunger
 Animate Skeleton         Necr           N/A          69%         1    ##.....
 Pain                     Necr           #...         69%         1    ##.....
 Regeneration             Chrm/Necr      #.........   96%         3    ####...
 Vampiric Draining        Necr           #.........   96%         3    ####...
 Animate Dead             Necr           N/A          100%        4    #####..


Dungeon Overview and Level Annotations

Branches:
Dungeon (8/15)             Temple (1/1) D:6
   Lair: D:8-11

Altars:
Ashenzari
Cheibriados
Dithmenos
Elyvilon
Fedhas
Gozag
Hepliaklqana
Kikubaaqudgha
Makhleb
Nemelex Xobeh
Okawaru
Qazlal
Ru
Sif Muna
Trog
Uskayaw
Vehumet
Wu Jian
Yredelemnul
Zin
The Shining One

Shops:
D:4 !

Annotations:
D:3 2 transporters, Jabberih's ghost, weakling DsMo
D:8 exclusion: 2 oklob plants


Innate Abilities, Weirdness & Mutations

You are resistant to torment.
Your stone body is resilient. (AC +6)
You are immune to poison.
You resist negative energy. (rN+)
You are resistant to electric shocks. (rElec)
You can survive without breathing.
You are immune to petrification.
You are immune to rotting.


Message History

I - 2 scrolls labeled VAYREI QONIXO (gained 1)
The adder is too close now for your liking.
You miss the adder. You block the adder's attack.
You barely miss the adder. The adder bites you but does no damage.
The adder barely misses you.
You closely miss the adder. The adder bites you but does no damage.
You barely miss the adder. The adder barely misses you.
You closely miss the adder. The adder bites you.
You thump the adder! The adder closely misses you.
You miss the adder. The adder bites you but does no damage.
The adder closely misses you.
You barely miss the adder. The adder bites you but does no damage.
You miss the adder. You block the adder's attack.
Your scale mail prevents you from hitting the adder.
The adder closely misses you. x2
You closely miss the adder. The adder bites you but does no damage.
You closely miss the adder. The adder bites you but does no damage.
You miss the adder. The adder bites you but does no damage.
You bludgeon the adder!!
You kill the adder!
Okawaru accepts your kill.
No target in view!
You are feeling hungry.
Found a stone staircase leading down.
An orc comes into view. It is wielding a +0 flail.
The orc shouts!
An orc warrior comes into view. It is wielding a +0 long sword.
You start waiting.
The orc warrior is too close now for your liking.
An orc and an orc priest come into view.
The orc shouts!
The orc priest shouts!
You closely miss the orc warrior. You closely miss the orc warrior.
The orc warrior hits you with a +0 long sword!
You sock the orc warrior! You block the orc warrior's attack.
The orc misses you.
The orc priest invokes the aid of Beogh against you.
Beogh smites you!
You hear a shout!
The orc priest looks braver for a moment.
An orc priest comes into view.
The orc priest calls down the wrath of Beogh upon you.
Beogh smites you!
* * * LOW HITPOINT WARNING * * *
There is a stone staircase leading up here.
The orc warrior hits you with a +0 long sword!
* * * LOW HITPOINT WARNING * * *
The orc priest invokes the aid of Beogh against you.
Beogh smites you!
You die...

...........##...##.#
#.........#.....#.# .
#.....(...........#
..#.................#
#.........<.........#
##...............#.
#..................
#..................
##.@.............#'#
#.oo...>.........#.#
##########.o.............##.#
...................#.....##.#
....#####..##...........##..
# #..####.#######.......#
#.....o## ####......##
#####o..###.........#
#...#..#.........##


You could see an orc warrior, 2 orc priests and 2 orcs.

Vanquished Creatures
  Joseph (D:7)
  Sigmund (D:2)
  2 steam dragons (D:7)
  Menkaure (D:4)
  3 sky beasts
  An orc warrior (D:7)
  An ice beast (D:5)
  A centaur (D:6)
  7 ogres
  A bullfrog (D:7)
  2 scorpions
  6 wights
  2 howler monkeys (D:5)
  3 crimson imps
  A quasit (D:8)
  3 hounds
  An orc priest (D:7)
  2 orc wizards (D:7)
  Ijyb (D:4)
  Terence (D:3)
  3 iguanas
  2 worker ants
  3 gnolls (D:3)
  9 adders
  4 shadow imps
  2 oozes
  An adder skeleton (D:5)
  2 worms
  A dart slug (D:3)
  5 leopard geckos
  11 orcs
  6 giant cockroaches
  9 goblins
  8 hobgoblins
  10 jackals
  2 quokkas
  2 ball pythons
  A ball python skeleton (D:4)
  6 bats
  5 frilled lizards
  7 kobolds
  A leopard gecko zombie (D:5)
  A quokka zombie (D:5)
  8 rats
150 creatures vanquished.

Vanquished Creatures (others)
  2 fungi (D:7)
2 creatures vanquished.

Grand Total: 152 creatures vanquished

Notes
Turn   | Place    | Note
-------+----------+-------------------------------------------
     0 | D:1      | Norn the Gargoyle Gladiator began the quest for the Orb.
     0 | D:1      | Reached XP level 1. HP: 12/12 MP: 1/1
   227 | D:1      | Reached XP level 2. HP: 14/18 MP: 2/2
   761 | D:2      | Reached skill level 1 in Armour
   772 | D:2      | Found a white marble altar of Elyvilon.
   786 | D:2      | Reached XP level 3. HP: 19/22 MP: 3/3
   953 | D:2      | Reached skill level 1 in Shields
  1008 | D:2      | Reached XP level 4. HP: 25/27 MP: 4/4
  1081 | D:2      | Noticed Sigmund
  1089 | D:2      | Killed Sigmund
  1089 | D:2      | Reached skill level 4 in Maces & Flails
  1089 | D:2      | Reached XP level 5. HP: 20/32 MP: 5/5
  1307 | D:2      | Reached XP level 6. HP: 33/37 MP: 6/6
  1615 | D:3      | Found a transporter.
  1615 | D:3      | Found a transporter.
  1851 | D:3      | Noticed Terence
  1861 | D:3      | Killed Terence
  1861 | D:3      | Reached skill level 5 in Maces & Flails
  1874 | D:3      | Found a bloodstained altar of Trog.
  2042 | D:3      | Noticed Jabberih's ghost (weakling DsMo)
  2074 | D:3      | Reached XP level 7. HP: 39/43 MP: 7/7
  2210 | D:4      | Found a burning altar of Makhleb.
  2311 | D:4      | Noticed Menkaure
  2314 | D:4      | Killed Menkaure
  2483 | D:4      | Found Tiraoma's Distillery.
  2598 | D:4      | Reached skill level 6 in Maces & Flails
  2825 | D:4      | Noticed Ijyb
  2836 | D:4      | Killed Ijyb
  3102 | D:5      | Entered Level 5 of the Dungeon
  3172 | D:5      | Reached XP level 8. HP: 45/48 MP: 8/8
  3295 | D:5      | Found a shattered altar of Ashenzari.
  3433 | D:5      | Reached skill level 5 in Fighting
  3768 | D:5      | Found a sparkling altar of Nemelex Xobeh.
  3775 | D:5      | Reached skill level 7 in Maces & Flails
  4059 | D:5      | Reached skill level 5 in Armour
  4142 | D:6      | Got a smoking fustibalus
  4209 | D:6      | Identified the +9 fustibalus "Siuts" {flame, rC+} (You
                  | found it on level 6 of the Dungeon)
  4237 | D:6      | Found a staircase to the Ecumenical Temple.
  4248 | Temple   | Entered the Ecumenical Temple
  4263 | Temple   | Became a worshipper of Warmaster Okawaru
  4991 | D:7      | Reached XP level 9. HP: 52/55 MP: 9/9
  4997 | D:6      | Reached skill level 8 in Maces & Flails
  5057 | D:7      | Reached * piety under Okawaru
  6049 | D:7      | Noticed Joseph
  6230 | D:7      | Killed Joseph
  6230 | D:7      | Reached ** piety under Okawaru
  6230 | D:7      | Reached skill level 9 in Maces & Flails
  6230 | D:7      | Reached skill level 5 in Shields
  6548 | D:8      | Found a blossoming altar of Fedhas.
  6550 | D:8      | Noticed an oklob plant
  6550 | D:8      | Noticed an oklob plant
  6723 | D:8      | HP: 2/57 [orc warrior/+0 long sword (17)]
  6723 | D:8      | Killed from afar by an orc priest

Skill      XL: |  1  2  3  4  5  6  7  8  9 |
---------------+----------------------------+-----
Armour         | 1 2 3 4 5 6 |  6.8
Shields        | 1 2 3 4 5 |  5.3
Fighting       | 3 4 6 7 |  7.2
Maces & Flails | 4 5 6 7 9 |  9.5
Throwing       | |  1.7
Dodging        | |  2.4

Action                   |  1- 3 |  4- 6 |  7- 9 || total
-------------------------+-------+-------+-------++-------
Melee: Flail             |   107 |   135 |   463 ||   705
Evoke: Wand              |       |     7 |    10 ||    17
  Use: Scroll            |       |       |    13 ||    13
       Potion            |       |       |     2 ||     2
 Stab: Paralysed         |       |       |     6 ||     6
  Eat: Chunk             |       |     4 |    15 ||    19
Armor: Ring mail         |    64 |    48 |    16 ||   128
       Scale mail        |       |       |   231 ||   231
Dodge: Dodged            |    66 |    56 |   252 ||   374
Block: Buckler           |    20 |    25 |   119 ||   164
